 Dungeon Crawl Stone Soup version 0.29.1-15-g9cfb28693d (webtiles) character file.

Game seed: 17316487221049467947

5782 GigaChad the Cleaver (level 10, 0/88 HPs)
             Began as a Minotaur Fighter on Mar 11, 2023.
             Was an Initiate of Gozag.
             Succumbed to a killer bee's poison
             ... on level 8 of the Dungeon.
             The game lasted 00:12:11 (9562 turns).

GigaChad the Cleaver (Minotaur Fighter)             Turns: 9562, Time: 00:12:11

Health: 0/88       AC: 20    Str: 24    XL:     10   Next: 50%
Magic:  9/9        EV:  7    Int:  5    God:    Gozag
Gold:   919        SH: 10    Dex: 11    Spells: 9/9 levels left

rFire   . . .      SeeInvis .   a - +0 war axe
rCold   . . .      Faith    .   c - +0 buckler
rNeg    . . .      Spirit   .   p - +0 plate armour
rPois   .          Reflect  +   (helmet restricted)
rElec   .          Harm     .   x - +0 cloak
rCorr   .          Rampage  +   K - +1 pair of gloves
Will    .....                   l - +1 pair of boots {rampage}
Stlth   ..........              v - amulet of reflection
HPRegen 0.24/turn               (no ring)
MPRegen 0.11/turn               (no ring)

@: lethally poisoned (0 -> -8), gold aura
A: horns 2, retaliatory headbutt
a: Renounce Religion, Potion Petition, Call Merchant, Bribe Branch


You were on level 8 of the Dungeon.
You worshipped Gozag.
Gozag was pleased with you.
You visited 2 branches of the dungeon, and saw 10 of its levels.

You collected 1248 gold pieces.
You spent 290 gold pieces at shops.
You paid 39 gold pieces to Gozag.

Inventory:

Hand Weapons
 a - a +0 war axe (weapon)
 k - a +0 war axe
 E - a +0 executioner's axe
 H - a +4 battleaxe
Missiles
 s - 2 throwing nets (quivered)
Armour
 b - a +0 scale mail
 c - a +0 buckler (worn)
 l - a +1 pair of boots of rampaging (worn)
 m - a +1 scale mail of poison resistance
 p - a +0 plate armour (worn)
 x - a +0 cloak (worn)
 z - a scarf of repulsion
 K - a +1 pair of gloves (worn)
Jewellery
 n - an amulet of magic regeneration
 v - an amulet of reflection (around neck)
 w - an amulet of guardian spirit
 F - a ring of see invisible
Wands
 o - a wand of mindburst (10)
 u - a wand of polymorph (9)
 y - a wand of charming (24)
Scrolls
 e - 4 scrolls of teleportation
 h - a scroll of brand weapon {unknown}
 r - a scroll of blinking
 C - a scroll of magic mapping
 G - 6 scrolls of identify
 I - a scroll of enchant armour {unknown}
 L - a scroll of amnesia {unknown}
Potions
 d - a potion of might
 f - 9 potions of curing
 g - 2 potions of ambrosia {unknown}
 i - 7 potions of heal wounds
 j - a potion of berserk rage {unknown}
 q - 4 potions of haste {unknown}
 t - a potion of brilliance
 A - 3 potions of attraction {unknown}
 B - a potion of mutation {unknown}
 D - a potion of degeneration {unknown}
 J - 4 potions of magic {unknown}


   Skills:
 + Level 8.3 Fighting
 + Level 13.0 Axes
 + Level 9.8 Armour
 + Level 1.8 Dodging
 + Level 1.6 Stealth
 + Level 7.5 Shields


You had 9 spell levels left.
You didn't know any spells.
Your spell library contained the following spells:

 Spells                   Type           Power      Damage    Failure   Level
 Foxfire                  Conj/Fire      0%         2x1d4     100%        1
 Ensorcelled Hibernation  Hex/Ice        0%         N/A       100%        2
 Passwall                 Tmut/Erth      0%         N/A       100%        2
 Static Discharge         Conj/Air       0%         3-3/arc   100%        2
 Conjure Flame            Conj/Fire      0%         6-21      100%        3
 Inner Flame              Hex/Fire       0%         N/A       100%        3
 Swiftness                Air            0%         N/A       100%        3
 Dispel Undead            Necr           0%         3d6       100%        4
 Flame Wave               Conj/Fire      0%         2d4       100%        4
 Sticky Flame             Conj/Fire      0%         2d3       100%        4


Dungeon Overview and Level Annotations

Branches:
Dungeon (9/15)             Temple (1/1) D:7
   Lair: D:8-11         Orc: D:9-12

Altars:
Cheibriados
Elyvilon
Gozag
Kikubaaqudgha
Okawaru
Qazlal
Ru
Sif Muna
Trog
Uskayaw
Vehumet
Wu Jian
Xom
Yredelemnul
Zin
The Shining One

Shops:
D:6 !

Annotations:
D:3 2 transporters, Seidenschwarz's ghost, amateur MiFi


Innate Abilities, Weirdness & Mutations

You have a pair of horns on your head.
You reflexively headbutt those who attack you in melee.


Message History

The killer bee stings you!
* * * LOW HITPOINT WARNING * * *
You are more poisoned.
The killer bee poisons you!
The killer bee is distracted by your dazzling golden aura.
The killer bee buzzes angrily.
The killer bee attacks as you move away!
You block the killer bee's attack.
The killer bee attacks as you move away!
The killer bee stings you.
* * * LOW HITPOINT WARNING * * *
x2 You feel very sick.
You block the killer bee's attack.
The killer bee stings you but does no damage.
There is a stone staircase leading up here.
You feel sick. You block the killer bee's attack. The killer bee stings you.
* * * LOW HITPOINT WARNING * * *
You climb upwards.
* * * LOW HITPOINT WARNING * * *
You feel sick.
There is a stone staircase leading down here.
You hit the killer bee.
The killer bee is lightly wounded.
You miss the killer bee.
You feel sick. You block the killer bee's attack. x2
The killer bee stings you but does no damage.
The killer bee barely misses you. You furiously retaliate!
You headbutt the killer bee! You closely miss the killer bee.
Your headbutt misses the killer bee.
The killer bee is lightly wounded.
You miss the killer bee.
You feel sick. You block the killer bee's attack.
The killer bee stings you but does no damage.
The killer bee stings you.
* * * LOW HITPOINT WARNING * * *
You are more poisoned.
The killer bee poisons you! You block the killer bee's attack.
You barely miss the killer bee. Your headbutt misses the killer bee.
The killer bee is lightly wounded.
You miss the killer bee.
You die...
Your body crumbles into a pile of gold.

###### .....# ####.# #.# ####.#
.....# ###### ##################
####### ...............y@# #####
#...... ....##########.#y# #)..#
#.##### ...........# #.#.# #...#
#.##... ...........# #.#.# #...#
#.##.## ...........#
#.#.####...###.##.# ...........#
#...........##.##.# ...........#
###.####....##.##.#
...........#####.####....##.##.##
.........................##.##...


You could see 2 killer bees.

Vanquished Creatures
  A cyclops (D:7)
  Joseph (D:8)
  A human (D:7)
  4 hogs (D:7)
  8 yaks (D:8)
  3 water moccasins
  An orc warrior (D:8)
  A sky beast (D:7)
  2 black bears
  An ogre (D:7)
  2 centaurs (D:8)
  4 phantoms
  A kobold brigand (D:7)
  A necrophage (D:8)
  2 scorpions
  15 wights
  3 killer bees (D:9)
  3 howler monkeys (D:8)
  A hound (D:5)
  An iron imp (D:8)
  A jelly (D:7)
  2 gnoll boudas
  4 orc priests
  2 iguanas
  7 orc wizards
  15 gnolls
  6 adders
  A shadow imp (D:7)
  An ufetubus (D:4)
  2 worms
  2 dart slugs
  24 orcs
  6 ball pythons
  10 endoplasms
  3 giant cockroaches
  6 goblins
  5 hobgoblins
  A quokka (D:1)
  2 frilled lizards
  14 kobolds
  6 rats
176 creatures vanquished.

Vanquished Creatures (others)
  15 plants
15 creatures vanquished.

Grand Total: 191 creatures vanquished

Notes
Turn   | Place    | Note
-------+----------+-------------------------------------------
     0 | D:1      | GigaChad the Minotaur Fighter began the quest for the Orb.
     0 | D:1      | Reached XP level 1. HP: 19/19 MP: 0/0
   287 | D:1      | Found a faded altar of an unknown god.
   371 | D:1      | Reached XP level 2. HP: 27/27 MP: 1/1
  1147 | D:2      | Reached XP level 3. HP: 33/33 MP: 2/2
  1223 | D:2      | Found a shimmering altar of Xom.
  1282 | D:2      | Reached skill level 3 in Axes
  1611 | D:2      | Reached XP level 4. HP: 22/40 MP: 3/3
  1617 | D:2      | Reached skill level 4 in Axes
  2552 | D:3      | Found an opulent altar of Gozag.
  2569 | D:3      | Became a worshipper of Gozag Ym Sagoz the Greedy
  2640 | D:3      | Noticed Seidenschwarz's ghost (amateur MiFi)
  2641 | D:3      | Noticed a scorpion
  2642 | D:3      | Found a transporter.
  3117 | D:3      | Found a transporter.
  3682 | D:4      | Reached XP level 5. HP: 47/47 MP: 4/4
  3726 | D:4      | Reached skill level 5 in Armour
  3846 | D:4      | Reached skill level 5 in Axes
  4179 | D:5      | Entered Level 5 of the Dungeon
  4305 | D:5      | Noticed a phantom
  4319 | D:5      | Reached XP level 6. HP: 35/55 MP: 5/5
  4327 | D:5      | Reached skill level 5 in Fighting
  4511 | D:5      | Reached skill level 6 in Axes
  4583 | D:5      | Noticed a water moccasin
  4593 | D:5      | Killed a water moccasin
  4594 | D:5      | Reached XP level 7. HP: 61/61 MP: 6/6
  4762 | D:5      | Reached skill level 7 in Axes
  4956 | D:5      | Found a basalt altar of Yredelemnul.
  5613 | D:6      | Reached skill level 8 in Axes
  5613 | D:6      | Reached XP level 8. HP: 14/70 MP: 7/7
  5616 | D:6      | Reached skill level 5 in Shields
  6070 | D:6      | Found Agaute's Distillery.
  6114 | D:6      | Bought 2 potions of curing for 60 gold pieces
  6114 | D:6      | Bought 2 potions of heal wounds for 100 gold pieces
  6114 | D:6      | Bought a potion of heal wounds for 50 gold pieces
  6114 | D:6      | Bought a potion of curing for 30 gold pieces
  6114 | D:6      | Bought a potion of heal wounds for 50 gold pieces
  6220 | D:6      | Reached skill level 9 in Axes
  6958 | D:7      | Reached skill level 1 in Stealth
  6970 | D:7      | Reached skill level 10 in Axes
  6970 | D:7      | Reached XP level 9. HP: 55/77 MP: 8/8
  6974 | D:7      | Reached skill level 1 in Dodging
  7220 | D:7      | Noticed a cyclops
  7241 | D:7      | Killed a cyclops
  7331 | D:7      | Reached skill level 11 in Axes
  7758 | D:7      | Found a staircase to the Ecumenical Temple.
  7769 | Temple   | Entered the Ecumenical Temple
  8131 | D:8      | Reached skill level 12 in Axes
  8143 | D:8      | Reached XP level 10. HP: 74/86 MP: 9/9
  8376 | D:8      | Noticed Joseph
  8404 | D:8      | Killed Joseph
  8731 | D:8      | Found a shimmering altar of Xom.
  8957 | D:8      | Found a snail-covered altar of Cheibriados.
  9204 | D:8      | Reached skill level 13 in Axes
  9561 | D:8      | HP: 4/88 [poisoned by a killer bee]
  9562 | D:8      | Succumbed to a killer bee's poison

Illustrated notes

Levels and vault maps discovered:
D:1:      spicycebolla_arrival_clurvy, layout_basic,
          nicolae_ecumenical_lake_church
D:2:      layout_rooms, basic_altar, minmay_box_of_dots
D:3:      layout_loops_corners, grunt_gozag_breadcrumbs, gammafunk_ghost_arena,
          st_stairs_9
D:4:      layout_basic
D:5:      corexii_shack_village, layout_basic, nicolae_overflow_crystal_walls
D:6:      layout_basic, serial_shops, shop_statue
D:7:      layout_basic, minmay_temple_entry_enclosed_plants, grunt_livestock
D:8:      layout_basic, slow_altar_2, mainiacjoe_overflow_surrounded_room,
          uniq_joseph
D:9:      layout_cave_pools, lemuel_coloured_pillars_altar, onia_ninara_cookie
Temple:   bh_familiar_temple

Skill      XL: |  1  2  3  4  5  6  7  8  9 10 |
---------------+-------------------------------+-----
Fighting       | 4 5 6 7 8 |  8.3
Armour         | 4 5 6 7 9 |  9.8
Axes           | 3 4 5 6 8 10 12 13 | 13.0
Shields        | 4 5 6 7 |  7.5
Stealth        | 1 |  1.6
Dodging        | 1 |  1.8

Action                   |  1- 3 |  4- 6 |  7- 9 | 10-12 || total
-------------------------+-------+-------+-------+-------++-------
Melee: War axe           |    80 |   110 |   236 |   131 ||   557
       Headbutt          |     5 |    15 |    38 |    22 ||    80
  Use: Scroll            |       |     7 |     1 |       ||     8
       Potion            |       |       |       |     1 ||     1
 Stab: Distracted        |       |       |     2 |       ||     2
Armor: Scale mail        |    22 |       |       |       ||    22
       Plate armour      |    22 |    89 |   129 |    72 ||   312
Dodge: Dodged            |    34 |    25 |    56 |    29 ||   144
Block: Buckler           |    24 |    37 |   113 |    78 ||   252
       Reflection        |       |       |     2 |     2 ||     4
